 Dungeon Crawl Stone Soup version 0.25-a0-697-g890751e (webtiles) character file.

Game seed: 10750184382157851419, levelgen mode: deterministic

24 Ceann the Chiller (level 2, 0/15 HPs)
             Began as a Deep Elf Ice Elementalist on Mar 31, 2020.
             Slain by a leopard gecko (3 damage)
             ... on level 1 of the Dungeon.
             The game lasted 00:01:09 (1198 turns).

Ceann the Chiller (Deep Elf Ice Elementalist)       Turns: 1198, Time: 00:01:09

Health: 0/15       AC:  2    Str:  5    XL:     2   Next: 79%
Magic:  7/8        EV: 13    Int: 19    God:
Gold:   84         SH:  0    Dex: 15    Spells: 7/8 levels left

rFire    . . .     SeeInvis .   (no weapon)
rCold    . . .     Gourm    .   (no shield)
rNeg     . . .     Faith    .   a - +0 robe
rPois    .         Spirit   .   (no helmet)
rElec    .         Reflect  .   (no cloak)
rCorr    .         Harm     .   (no gloves)
MR       .....                  (no boots)
Stlth    ++........             (no amulet)
HPRegen  0.05/turn              (no ring)
MPRegen  0.11/turn              (no ring)

@: no status effects
A: no striking features
a: no special abilities


You were on level 1 of the Dungeon.
You were not hungry.

You visited 1 branch of the dungeon, and saw 1 of its levels.

You collected 84 gold pieces.

Inventory:

Armour
 a - a +0 robe (worn)
Scrolls
 b - a scroll of enchant weapon {unknown}
 d - a scroll of magic mapping {unknown}
 e - a scroll of teleportation {unknown}
Comestibles
 c - 2 rations


   Skills:
 + Level 2.4 Dodging
 + Level 2.4 Stealth
 + Level 3.7 Spellcasting
 + Level 5.0 Ice Magic


You had 7 spell levels left.
You knew the following spells:

 Your Spells              Type           Power        Failure   Level  Hunger
a - Freeze                Ice            ###.         1%          1    None

Your spell library contained the following spells:

 Spells                   Type           Power        Failure   Level  Hunger
 Frozen Ramparts          Ice            ###...       5%          3    ###....
 Ozocubu's Armour         Chrm/Ice       ##......     16%         3    ###....
 Hailstorm                Conj/Ice       ##......     45%         4    ####...
 Summon Ice Beast         Ice/Summ       ##......     45%         4    ####...


Dungeon Overview and Level Annotations

Branches:
Dungeon (1/15)

Altars:


Message History

The rat bites you. The leopard gecko bites you.
* * * LOW HITPOINT WARNING * * *
The leopard gecko bites you.
* * * LOW HITPOINT WARNING * * *
The rat barely misses you.
The leopard gecko hisses menacingly.
The leopard gecko barely misses you. The rat completely misses you.
The leopard gecko barely misses you. The rat misses you.
The rat bites you but does no damage. The leopard gecko barely misses you.
The rat closely misses you.
Casting: Freeze (safe; 1% risk of failure)
Confirm with . or Enter, or press ? or * to list all spells.
Aiming: Freeze (safe; 1% risk of failure)
Press: ? - help, Shift-Dir - straight line, f - rat
Aim: a rat You freeze the rat!
You kill the rat!
The leopard gecko bites you.
You die...

#.##.## #.#.## #.#
#....)# #..#.#####.####
######.##(#####
######.........
.......##(#♣♣P#♣#♣♣
#♣♣#####.####
#########(#♣PP≈.(P##P#P♣
##.#### #(##P.....#.PP#♣♣
#......
#)##.......#..PP###..####
#(()...§†l.#...#P#...#
###P....@r.#..#PP##.##
#PP.....PPPP# ##.#
#♣PP...PPP##P# ##.#####
♣♣♣♣♣P♣♣♣♣ ####.......
#############.#.###..
#..#.##.#.##....###.#
#.###...............#
##.#.#######....###.#
##.## ##.#......


You could see a leopard gecko and a rat.

Vanquished Creatures
  A dart slug (D:1)
  2 giant cockroaches (D:1)
  4 goblins (D:1)
  A hobgoblin (D:1)
  7 kobolds (D:1)
  2 bats (D:1)
  3 rats (D:1)
20 creatures vanquished.

Vanquished Creatures (others)
  A plant (D:1)
1 creature vanquished.

Grand Total: 21 creatures vanquished

Notes
Turn   | Place    | Note
-------+----------+-------------------------------------------
     0 | D:1      | Ceann the Deep Elf Ice Elementalist began the quest for the
                  | Orb.
     0 | D:1      | Reached XP level 1. HP: 10/10 MP: 6/6
   311 | D:1      | Reached XP level 2. HP: 1/15 MP: 4/8
   932 | D:1      | Reached skill level 5 in Ice Magic
  1198 | D:1      | Slain by a leopard gecko

Levels and vault maps discovered:
D:1:      giann_wishing_wells, layout_loops_ring, lexackson_kobold_supper

Skill      XL: |  1  2 |
---------------+-------+-----
Ice Magic      | 5 |  5.0
Dodging        | |  2.4
Stealth        | |  2.4
Spellcasting   | |  3.7

Action                   || total
-------------------------++-------
Melee: Unarmed           ||     1
 Cast: Freeze            ||    26
  Eat: Chunk             ||     1
Armor: Robe              ||     7
Dodge: Dodged            ||    29

Table legend:
 A = Non-vault XP
 B = Vault XP
 C = Vault XP percentage of total XP
 D = Non-vault monster count
 E = Vault monster count
 F = Vault count percentage of total count
                 A         B        C        D         E       F
            +---------+---------+-------+---------+---------+-------
      Total |      25 |      10 |  28.6 |      14 |       6 |  30.0
            +---------+---------+-------+---------+---------+-------
        D:1 |      25 |      10 |  28.6 |      14 |       6 |  30.0
            +---------+---------+-------+---------+---------+-------
